 Dungeon Crawl Stone Soup version 0.31-a0-229-g1fc7ce93e2 (webtiles) character file.

Game seed: 15094391753613365665

76 qw the Shooter (level 4, 0/26 HPs)
             Began as a Gargoyle Hexslinger on July 6, 2023.
             Slain by Grinder (6 damage)
             ... on level 3 of the Dungeon.
             The game lasted 00:00:41 (2010 turns).

qw the Shooter (Gargoyle Hexslinger)                Turns: 2010, Time: 00:00:42

Health: 0/26       AC:  5    Str: 11    XL:     4   Next: 32%
Magic:  5/5        EV: 12    Int: 14    God:
Gold:   71         SH:  0    Dex: 14    Spells: 4/5 levels left

rFire   . . .        Y - +1 sling
rCold   . . .        (no shield)
rNeg    + . .        c - +0 robe
rPois   inf          (no helmet)
rElec   +            (no cloak)
rCorr   .            (no gloves)
SInv    .            (no boots)
Will    .....        (no amulet)
Stlth   +            (no ring)
HPRegen 0.24/turn    (no ring)
MPRegen 0.09/turn

%: no passive effects
@: no status effects
A: sickness immunity, AC +3, negative energy resistance 1, electricity
resistance, torment resistance 1, petrification resistance
a: no special abilities


You were on level 3 of the Dungeon.
You visited 1 branch of the dungeon, and saw 3 of its levels.

You collected 71 gold pieces.


Innate Abilities, Weirdness & Mutations

You are immune to sickness and miasma.
Your stone body is resilient. (AC +3)
You are immune to poison.
You resist negative energy. (rN+)
You are resistant to electric shocks. (rElec)
You are resistant to unholy torment.
You are immune to petrification.


   Skills:
 - Level 2.0 Fighting
 + Level 4.1 Ranged Weapons
 - Level 1.5 Dodging
 - Level 1.0 Spellcasting
 - Level 2.6 Hexes


You had 4 spell levels left.
You knew the following spells:

 Your Spells              Type           Power      Damage    Failure   Level
a - Slow                  Hex            32%        N/A       9%          1

Your spell library contained the following spells:

 Spells                   Type           Power      Damage    Failure   Level
 Inner Flame              Hex/Fire       4%         N/A       41%         3
 Portal Projectile        Hex/Tloc       8%         N/A       41%         3
 Cause Fear               Hex            4%         N/A       65%         4

Inventory:

Hand Weapons
 Y - a +1 sling (weapon)
Armour
 c - a +0 robe (worn)
Scrolls
 a - a scroll of identify
 b - a scroll of vulnerability {unknown}
Potions
 d - a potion of mutation {unknown}
 e - a potion of degeneration {unknown}
 g - a potion of curing
 h - a potion of lignification {unknown}

Dungeon Overview and Level Annotations

Branches:
Dungeon (3/15)

Altars:

Annotations:
D:3 1 runed translucent door, Crazy Yiuf, Grinder


Message History

The endoplasm is moderately wounded.
You shoot a sling bullet. The sling bullet hits the endoplasm.
The endoplasm is moderately wounded.
You shoot a sling bullet. The sling bullet hits the endoplasm.
You kill the endoplasm!
You open the door.
There is an open door here.
You now have 71 gold pieces (gained 11).
There is an open door here.
Found 6 poisoned darts.
Enter note: You open the door.
There is an open door here.
You see here 6 poisoned darts.
Grinder comes into view.
Enter note: You shoot a sling bullet.
The sling bullet hits Grinder but does no damage.
Grinder shouts!
Grinder blinks!
You shoot a sling bullet. The sling bullet hits Grinder.
Grinder is lightly wounded.
You shoot a sling bullet. The sling bullet hits Grinder.
Grinder is moderately wounded.
You shoot a sling bullet. The sling bullet hits Grinder.
Grinder is moderately wounded.
You shoot a sling bullet. The sling bullet hits Grinder.
Grinder is heavily wounded.
Grinder hits you.
You shoot a sling bullet. The sling bullet hits Grinder.
Grinder is heavily wounded.
Grinder hits you!
You writhe in agony.
Grinder gestures at you.
You suddenly lose the ability to move!
Grinder hits you!
You writhe in agony.
You can move again.
You shoot a sling bullet.
The sling bullet closely misses Grinder.
Grinder hits you.
You die...

##############
......5@..(..#
...........#.#
##############.#.#
#<..# #.#'######
######.#.#
#........#
.......#.#
#........#
.......#.#
#........#
.......#.#
#........#
....#..#.#
#........#


You could see Grinder.

Vanquished Creatures
  2 adders (D:2)
  A worm (D:2)
  2 dart slugs (D:1)
  3 orcs (D:3)
  6 bats
  4 endoplasms
  A giant cockroach (D:3)
  4 goblins
  7 hobgoblins
  5 quokkas
  A ball python (D:2)
  2 frilled lizards (D:1)
  2 kobolds (D:1)
  3 rats
43 creatures vanquished.

Notes
Turn   | Place    | Note
-------+----------+-------------------------------------------
     0 | D:1      | qw the Gargoyle Hexslinger began the quest for the Orb.
     0 | D:1      | Reached XP level 1. HP: 12/12 MP: 2/2
     0 | D:1      | 0 ||| qw: Version: 0.3-a-46-gb1f654a
     0 | D:1      | 0 ||| qw: Game counter: 1550
     0 | D:1      | 0 ||| qw: Melee chars always use a shield: true
     0 | D:1      | 0 ||| qw: God list: Okawaru
     0 | D:1      | 0 ||| qw: Allow faded altars: false
     0 | D:1      | 0 ||| qw: Do Orc after clearing Dungeon:15 true
     0 | D:1      | 0 ||| qw: Do second Lair branch before Depths: true
     0 | D:1      | 0 ||| qw: Lair rune preference: random
     0 | D:1      | 0 ||| qw: Goals: Normal
     0 | D:1      | 0 ||| PLANNING D:1-11
   179 | D:1      | Reached XP level 2. HP: 10/16 MP: 3/3
   274 | D:1      | Reached skill level 3 in Ranged Weapons
   419 | D:1      | Reached XP level 3. HP: 21/21 MP: 4/4
   905 | D:1      | 905 ||| READING 2 scrolls labelled HUHOG RAMNABBAC.
   906 | D:1      | 906 ||| READING scroll labelled HIUM BEYQICK.
   909 | D:1      | 909 ||| READING scroll labelled GIADUN WUTHRITSYU.
   910 | D:1      | 910 ||| DRINKING 2 glowing orange potions.
   911 | D:1      | 911 ||| DROPPING scroll of poison.
  1255 | D:2      | Reached XP level 4. HP: 21/26 MP: 5/5
  1613 | D:2      | Reached skill level 4 in Ranged Weapons
  1694 | D:2      | 1694 ||| READING scroll labelled TARGHAL TAGOQO.
  1791 | D:3      | Identified the +5 hammer "Cac Loitue" {elec, rN++ Str+5
                  | Int-5}
  1792 | D:3      | Found a runed translucent door.
  1793 | D:3      | Noticed Crazy Yiuf
  2002 | D:3      | Noticed Grinder
  2008 | D:3      | Paralysed by Grinder for 2 turns
  2009 | D:3      | HP: 6/26 [Grinder (2)]
  2010 | D:3      | Slain by Grinder

Levels and vault maps discovered:
D:1:      psy_arrival_radial02, layout_basic, minmay_heptomino_h4
D:2:      layout_basic, lightli_corner_chamber
D:3:      layout_basic, marbit_many_paths, minmay_diced_spiral, uniq_grinder,
          uniq_crazy_yiuf_cottage

Skill      XL: |  1  2  3  4 |
---------------+-------------+-----
Ranged Weapons | 3 4 |  4.1
Fighting       | 2 |  2.0
Dodging        | |  1.5
Spellcasting   | |  1.0
Hexes          | |  2.6

Action                     |  1- 3 |  4- 6 || total
---------------------------+-------+-------++-------
   Fire: Sling             |   129 |    44 ||   173
    Use: Scroll            |     3 |     1 ||     4
         Potion            |     1 |       ||     1
 Armour: Robe              |    20 |     3 ||    23
  Dodge: Dodged            |    41 |     4 ||    45

Table legend:
 A = Non-vault XP
 B = Vault XP
 C = Vault XP percentage of total XP
 D = Non-vault monster count
 E = Vault monster count
 F = Vault count percentage of total count
                 A         B        C        D         E       F
            +---------+---------+-------+---------+---------+-------
      Total |     102 |       7 |   6.4 |      39 |       4 |   9.3
            +---------+---------+-------+---------+---------+-------
        D:1 |      35 |       7 |  16.7 |      18 |       4 |  18.2
        D:2 |      52 |       0 |   0.0 |      15 |       0 |   0.0
        D:3 |      15 |       0 |   0.0 |       6 |       0 |   0.0
            +---------+---------+-------+---------+---------+-------
